 Dungeon Crawl Stone Soup version 0.29.0-4-gdea44cf6ec (webtiles) character file.

Game seed: 875167902725100152

35 qw the Sneak (level 3, -10/23 HPs)
             Began as a Gargoyle Delver on Sept 10, 2022.
             Mangled by a two-headed ogre
             ... wielding a +0 giant club
              (33 damage)
             ... on level 4 of the Dungeon.
             The game lasted 00:00:10 (677 turns).

qw the Sneak (Gargoyle Delver)                       Turns: 677, Time: 00:00:11

Health: -10/23     AC:  6    Str: 17    XL:     3   Next: 35%
Magic:  3/3        EV: 11    Int: 10    God:
Gold:   15         SH:  0    Dex: 11    Spells: 2/2 levels left

rFire   . . .      SeeInvis .   a - +0 hand axe
rCold   . . .      Faith    .   (no shield)
rNeg    + . .      Spirit   .   b - +0 leather armour
rPois   inf        Reflect  .   (no helmet)
rElec   +          Harm     .   (no cloak)
rCorr   .          Rampage  .   (no gloves)
Will    .....                   (no boots)
Stlth   +++.......              (no amulet)
HPRegen 0.07/turn               (no ring)
MPRegen 0.08/turn               (no ring)

@: no status effects
A: sickness immunity, AC +3, negative energy resistance 1, electricity
resistance, torment resistance 1, petrification resistance
a: no special abilities


You were on level 4 of the Dungeon.
You visited 1 branch of the dungeon, and saw 2 of its levels.

You collected 15 gold pieces.


Innate Abilities, Weirdness & Mutations

You are immune to sickness and miasma.
Your stone body is resilient. (AC +3)
You are immune to poison.
You resist negative energy. (rN+)
You are resistant to electric shocks. (rElec)
You are resistant to unholy torment.
You are immune to petrification.


   Skills:
 - Level 3.2 Fighting
 + Level 3.3 Axes
 - Level 1.5 Dodging
 - Level 5.4 Stealth


You had 2 spell levels left.
You didn't know any spells.
Your spell library was empty.

Inventory:

Hand Weapons
 a - a +0 hand axe (weapon)
 c - a +0 whip
Armour
 b - a +0 leather armour (worn)
Wands
 g - a wand of digging (3)
Potions
 f - 2 potions of haste

Dungeon Overview and Level Annotations

Branches:
Dungeon (5/15)
 Temple: D:4-7

Altars:
Hepliaklqana

Annotations:
D:4 4 runed translucent doors


Message History

You start resting.
A quokka comes into view.
276 ||| Stepping ~*~*~tactically~*~*~ (stealth).
You start resting.
HP restored.
Found a rapier, a runed ivory wand and 5 stones.
Enter note: You now have 15 gold pieces.
You see here the +9 spear of Ocialyit {distort, rPois Int+3 Stlth+}.
You open the door.
A ball python comes into view.
You closely miss the ball python.
The ball python bites you but does no damage.
The ball python grabs you. The ball python constricts you.
The ball python bites you but does no damage.
The ball python constricts you.
You barely miss the ball python. The ball python barely misses you.
The ball python constricts you.
You hit the ball python.
You kill the ball python!
There is an open door here.
A goblin and an endoplasm come into view.
471 ||| Stepping ~*~*~tactically~*~*~ (hiding).
You start waiting.
Done waiting.
573 ||| Stepping ~*~*~tactically~*~*~ (hiding).
You start waiting.
Done waiting.
The goblin shouts!
You hear two shouts!
You hit the endoplasm.
The endoplasm is moderately wounded.
The endoplasm misses you.
You hit the endoplasm but do no damage.
The endoplasm is lightly wounded.
A two-headed ogre comes into view. It is wielding two +0 giant clubs.
You hit the two-headed ogre.
The two-headed ogre is lightly wounded.
The two-headed ogre hits you with a +0 giant club!!
Ouch! That really hurt!
You die...

8....8#.##
#)..y.c#.#
#/....:#.# ##
#8.(..8#.# #.
#####8..8##.# #.
##.'.##++##..# #g
#.##........##
#O####.#.#....#.# .
#@...##.####...#
...######..###..###
..........##...##
#........#...###
########.).###
#####


You could see a two-headed ogre and a goblin.

Vanquished Creatures
  A hound (D:4)
  An orc (D:4)
  A hobgoblin (D:4)
  2 ball pythons (D:4)
5 creatures vanquished.

Notes
Turn   | Place    | Note
-------+----------+-------------------------------------------
     0 | D:5      | qw the Gargoyle Delver began the quest for the Orb.
     0 | D:5      | Reached XP level 1. HP: 14/14 MP: 1/1
     0 | D:5      | 0 ||| qw: Version: 0.1-a-116-g5d60599
     0 | D:5      | 0 ||| qw: Game counter: 8001
     0 | D:5      | 0 ||| qw: Always use a shield: true
     0 | D:5      | 0 ||| qw: God list: Okawaru
     0 | D:5      | 0 ||| qw: Allow faded altars: false
     0 | D:5      | 0 ||| qw: Do Orc after D:15 true
     0 | D:5      | 0 ||| qw: Do second Lair branch before Depths: true
     0 | D:5      | 0 ||| qw: Lair rune preference: random
     0 | D:5      | 0 ||| qw: Plans: Normal
     0 | D:5      | 0 ||| PLANNING D:1-11
     2 | D:5      | 2 ||| DROPPING scroll of fog.
     3 | D:5      | 3 ||| DROPPING scroll of magic mapping.
     4 | D:5      | 4 ||| DROPPING scroll of fear.
    21 | D:4      | Found a hazy altar of Hepliaklqana.
   173 | D:4      | Noticed a hound
   193 | D:4      | Killed a hound
   194 | D:4      | Reached skill level 3 in Axes
   194 | D:4      | Reached XP level 2. HP: 6/19 MP: 2/2
   194 | D:4      | Reached XP level 3. HP: 8/23 MP: 3/3
   276 | D:4      | 276 ||| Stepping ~*~*~tactically~*~*~ (stealth).
   422 | D:4      | Found a large runed translucent door.
   422 | D:4      | Found a large runed translucent door.
   426 | D:4      | Found a large runed translucent door.
   426 | D:4      | Found a large runed translucent door.
   427 | D:4      | Noticed a killer bee
   427 | D:4      | Noticed a centaur
   446 | D:4      | Identified the +9 spear of Ocialyit {distort, rPois Int+3
                  | Stlth+}
   471 | D:4      | 471 ||| Stepping ~*~*~tactically~*~*~ (hiding).
   573 | D:4      | 573 ||| Stepping ~*~*~tactically~*~*~ (hiding).
   677 | D:4      | Noticed a two-headed ogre
   677 | D:4      | Mangled by a two-headed ogre

Levels and vault maps discovered:
D:4:      layout_basic, mainiacjoe_overflow_paths, gammafunk_ghost_smash,
          kennysheep_decorative_pillar, minmay_hollow_rounded_squares
D:5:      layout_loops_ring, minmay_misc_feat_square, serial_bayou_crossing,
          uniq_blork_the_orc, uniq_sigmund, uniq_crazy_yiuf_cottage

Skill      XL: |  1 |
---------------+----+-----
Axes           | 3 |  3.3
Fighting       | |  3.2
Dodging        | |  1.5
Stealth        | |  5.4

Action                   || total
-------------------------++-------
Melee: Hand axe          ||    28
Armor: Leather armour    ||    14
Dodge: Dodged            ||    13

Table legend:
 A = Non-vault XP
 B = Vault XP
 C = Vault XP percentage of total XP
 D = Non-vault monster count
 E = Vault monster count
 F = Vault count percentage of total count
                 A         B        C        D         E       F
            +---------+---------+-------+---------+---------+-------
      Total |      49 |       2 |   3.9 |       4 |       1 |  20.0
            +---------+---------+-------+---------+---------+-------
        D:4 |      49 |       2 |   3.9 |       4 |       1 |  20.0
            +---------+---------+-------+---------+---------+-------
